 Dungeon Crawl Stone Soup version 0.27-a0-1555-g0e7b3fb1d2 (webtiles) character file.

Game seed: 5694559404783085771

3222 Ijustatesigmund the Cudgeller (level 9, 0/64 HPs)
             Began as an Octopode Fighter on July 15, 2021.
             Slain by a sky beast (5 damage)
             ... on level 8 of the Dungeon.
             The game lasted 00:12:45 (11520 turns).

Ijustatesigmund the Cudgeller (Octopode Fighter)   Turns: 11520, Time: 00:12:46

Health: 0/64       AC:  2    Str: 15    XL:     9   Next: 98%
Magic:  9/9        EV: 14    Int: 12    God:
Gold:   342        SH: 10    Dex: 13    Spells: 8/8 levels left

rFire    . . .     SeeInvis .   a - +2 flail
rCold    . . .     Faith    .   b - +0 kite shield
rNeg     . . .     Spirit   .   f - +1 hat
rPois    .         Reflect  .   (no amulet)
rElec    .         Harm     .   h - ring of flight
rCorr    .         Rampage  .   (no ring)
Will     .....                  (no ring)
Stlth    ++++......             (no ring)
HPRegen  0.20/turn              (no ring)
MPRegen  0.11/turn              (no ring)
                                (no ring)
                                (no ring)

@: flying
A: almost no armour, amphibious, 8 rings, camouflage 1, gelatinous body 1,
(nimble swimmer 1), tentacles
a: no special abilities


You were on level 8 of the Dungeon.
You visited 2 branches of the dungeon, and saw 10 of its levels.

You collected 378 gold pieces.
You spent 36 gold pieces at shops.

Inventory:

Hand Weapons
 a - a +2 flail (weapon)
Missiles
 p - 8 atropa-tipped darts (quivered)
Armour
 b - a +0 kite shield (worn)
 f - a +1 hat (worn)
Jewellery
 h - a ring of flight (left tentacle)
 q - a ring of poison resistance
Wands
 i - a wand of flame (32)
 m - a wand of digging (5)
Scrolls
 j - a scroll of teleportation
 l - 3 scrolls of blinking
Potions
 c - a potion of might
 d - 2 potions of resistance
 e - a potion of curing
 g - a potion of invisibility
 k - 5 potions of attraction
 s - a potion of flight {unknown}


   Skills:
 + Level 7.2 Fighting
 + Level 7.2 Maces & Flails
 + Level 6.5 Dodging
 - Level 5.2 Stealth
 + Level 6.6 Shields
 - Level 3.2 Evocations


You had 8 spell levels left.
You didn't know any spells.
Your spell library contained the following spells:

 Spells                   Type           Power      Damage    Failure   Level
 Animate Skeleton         Necr           0%         N/A       67%         1
 Apportation              Tloc           0%         N/A       67%         1
 Corona                   Hex            0%         N/A       67%         1
 Foxfire                  Conj/Fire      0%         2x1d4     67%         1
 Summon Small Mammal      Summ           0%         N/A       67%         1
 Ensorcelled Hibernation  Hex/Ice        0%         N/A       82%         2
 Slow                     Hex            0%         N/A       82%         2
 Confusing Touch          Hex            0%         N/A       96%         3
 Conjure Flame            Conj/Fire      0%         6-21      96%         3
 Dazzling Flash           Conj/Hex       0%         N/A       96%         3
 Gell's Gravitas          Tloc           0%         N/A       96%         3
 Inner Flame              Hex/Fire       0%         N/A       96%         3
 Lesser Beckoning         Tloc           0%         N/A       96%         3
 Teleport Other           Tloc           0%         N/A       96%         3
 Tukima's Dance           Hex            0%         N/A       96%         3
 Iskenderun's Mystic Bla  Conj/Tloc      0%         2d3       100%        4
 Alistair's Intoxication  Tmut/Pois      0%         N/A       100%        5
 Borgnjor's Vile Clutch   Necr/Erth      0%         N/A       100%        5
 Summon Forest            Summ/Tloc      0%         N/A       100%        5
 Yara's Violent Unravell  Hex/Tmut       0%         3d3       100%        5
 Eringya's Noxious Bog    Tmut/Pois      0%         N/A       100%        6
 Starburst                Conj/Fire      0%         8x6d3     100%        6
 Summon Hydra             Summ           0%         N/A       100%        7


Dungeon Overview and Level Annotations

Branches:
Dungeon (9/15)             Temple (1/1) D:7
   Lair: D:8-11         Orc: D:9-12

Altars:
Ashenzari
Cheibriados
Dithmenos
Elyvilon
Fedhas
Gozag
Hepliaklqana
Kikubaaqudgha
Makhleb
Nemelex Xobeh
Okawaru
Qazlal
Ru
Sif Muna
Trog
Uskayaw
Vehumet
Wu Jian
Xom
Yredelemnul
Zin
The Shining One

Shops:
D:1 =   D:4 *

Annotations:
D:3 4 runed translucent doors, Crazy Yiuf; HAL9000's ghost, amateur VSBr


Innate Abilities, Weirdness & Mutations

You cannot wear most types of armour.
You are amphibious.
You can wear up to eight rings at the same time.
Your skin changes colour to match your surroundings (Stealth+).
Your rubbery body absorbs attacks. (AC +1, EV +1)
((You are camouflaged near water. (Stealth+)))
You have tentacles for arms and can constrict up to eight enemies at once.


Message History

The acid dragon misses you. The acid dragon closely misses you.
You hit the acid dragon. You squeeze the acid dragon.
The acid dragon is almost dead.
You block the acid dragon's attack. The acid dragon barely misses you.
The acid dragon bites you. The acid dragon claws you.
You barely miss the acid dragon.
The acid dragon is almost dead.
A sky beast comes into view.
You block the acid dragon's attack. The acid dragon claws you.
You sock the acid dragon!
You kill the acid dragon!
The acid dragon scales are intact enough to wear.
The sky beast flickers out of sight!
Deactivating autopickup; reactivate with Ctrl-A.
No target in view!
Things that are here:
+0 acid dragon scales; an acid dragon corpse
As you read the scroll of teleportation, it crumbles to dust.
You feel strangely unstable.
Your surroundings suddenly seem different.
You start resting.
A sky beast appears from thin air!
Reactivating autopickup.
You are no longer corroded.
The sky beast flickers out of sight!
Deactivating autopickup; reactivate with Ctrl-A.
You miss something. You squeeze something. Something hits you.
Something shocks you. Something hits you but does no damage.
You hit something but do no damage. Something hits you. Something shocks you.
You closely miss something. Something hits you. Something shocks you.
* * * LOW HITPOINT WARNING * * *
You miss something. Something closely misses you.
You miss something. Something hits you.
* * * LOW HITPOINT WARNING * * *
Something shocks you.
* * * LOW HITPOINT WARNING * * *
You closely miss something. Something hits you.
* * * LOW HITPOINT WARNING * * *
Something shocks you.
You die...

#.#.# #.# #.# # #.#.# #.# ##.#
# #...# #.# #..# # ##..# #.#
.... ########## #..# #.# #.#
#...Y.YY.. #..# #.# #.#
#.#.###### #..# #.# #.# #. #
##..###.# # #.# #Y #
........##.# #@# #. #
##.......#{# #.# ###.#Y######
##........# #.# .....Y......
######.#######.#######.#Y#.#...
#.[.....≈..... .. ##..##
#########.....


YY. .....# ######### #.#### #.# ## There were no monsters in sight!

Vanquished Creatures
  Joseph (D:7)
  Psyche (D:8)
  Sigmund (D:6)
  A yak (D:7)
  2 acid dragons
  A water moccasin (D:6)
  4 necrophages
  2 ogres
  2 centaurs (D:8)
  A phantom (D:5)
  4 gnoll sergeants
  2 bullfrogs
  5 wights (D:8)
  A bullfrog zombie (D:5)
  5 jellies
  2 hounds (D:5)
  2 orc priests (D:7)
  An iguana (D:7)
  An orc wizard (D:7)
  A killer bee zombie (D:6)
  16 gnolls
  9 adders
  A shadow imp (D:6)
  An ufetubus (D:4)
  A worm (D:4)
  A dart slug (D:3)
  16 orcs
  9 endoplasms
  4 giant cockroaches
  7 goblins
  11 hobgoblins
  6 jackals (D:2)
  4 quokkas
  10 ball pythons
  4 frilled lizards
  7 kobolds
  9 rats
156 creatures vanquished.

Vanquished Creatures (collateral kills)
  3 gnolls
  2 orcs (D:7)
5 creatures vanquished.

Vanquished Creatures (others)
  A gnoll (D:8)
1 creature vanquished.

Grand Total: 162 creatures vanquished

Notes
Turn   | Place    | Note
-------+----------+-------------------------------------------
     0 | D:1      | Ijustatesigmund the Octopode Fighter began the quest for
                  | the Orb.
     0 | D:1      | Reached XP level 1. HP: 16/16 MP: 1/1
   179 | D:1      | Reached XP level 2. HP: 16/21 MP: 2/2
   263 | D:1      | Found a faded altar of an unknown god.
   369 | D:1      | Found Qaemm's Jewellery Shop.
  1016 | D:1      | Reached XP level 3. HP: 21/26 MP: 3/3
  1673 | D:2      | Reached XP level 4. HP: 32/32 MP: 4/4
  2857 | D:3      | Found a runed translucent gate.
  2857 | D:3      | Found a runed translucent gate.
  2857 | D:3      | Found a runed translucent gate.
  2859 | D:3      | Noticed HAL9000's ghost (amateur VSBr)
  3060 | D:3      | Reached XP level 5. HP: 36/37 MP: 5/5
  3537 | D:3      | Found a blossoming altar of Fedhas.
  3649 | D:3      | Found a basalt altar of Yredelemnul.
  3800 | D:3      | Found a runed translucent door.
  3801 | D:3      | Noticed Crazy Yiuf
  4364 | D:4      | Found Jucisus's General Store.
  4374 | D:4      | Bought a potion of curing for 36 gold pieces
  4489 | D:5      | Entered Level 5 of the Dungeon
  4845 | D:5      | Found an iron altar of Okawaru.
  4853 | D:5      | Noticed an ogre
  4858 | D:5      | Killed an ogre
  4859 | D:5      | Reached XP level 6. HP: 44/44 MP: 6/6
  5182 | D:5      | Reached skill level 1 in Stealth
  5488 | D:5      | Noticed an acid dragon
  5499 | D:5      | Killed an acid dragon
  5500 | D:5      | Reached XP level 7. HP: 49/49 MP: 7/7
  5575 | D:5      | Reached skill level 5 in Fighting
  5575 | D:5      | Reached skill level 5 in Maces & Flails
  6945 | D:6      | Noticed Sigmund
  6949 | D:6      | Reached XP level 8. HP: 56/56 MP: 8/8
  6949 | D:6      | Killed Sigmund
  7286 | D:6      | Found a burning altar of Makhleb.
  7312 | D:6      | Found a stormy altar of Qazlal.
  7367 | D:6      | Reached skill level 5 in Shields
  7489 | D:6      | Reached skill level 5 in Dodging
  7765 | D:7      | Reached skill level 5 in Stealth
  8066 | D:7      | Found a staircase to the Ecumenical Temple.
  8130 | D:7      | Noticed Joseph
  8138 | D:7      | HP: 1/57 [gnoll sergeant (7)]
  8142 | Temple   | Entered the Ecumenical Temple
  8723 | D:7      | Killed Joseph
  8724 | D:7      | Reached skill level 1 in Evocations
  8724 | D:7      | Reached XP level 9. HP: 41/63 MP: 9/9
 10270 | D:8      | Found a white marble altar of Elyvilon.
 11316 | D:8      | Noticed Psyche
 11322 | D:8      | Killed Psyche
 11520 | D:8      | Slain by a sky beast

Illustrated notes

Levels and vault maps discovered:
D:1:      dpeg_chamrin_arrival_tetris, layout_basic, serial_shops,
          nicolae_shop_behind_doors, ebering_ecumenical_altar_ruins
D:2:      layout_basic, minmay_tromino_v4_c
D:3:      layout_basic, lemuel_coloured_pillars_altar, fedhas_altar_2,
          gammafunk_ghost_necromancy, uniq_crazy_yiuf_cottage
D:4:      layout_basic, serial_shops, shop
D:5:      layout_loops_corners, mainiacjoe_overflow_24_doors,
          kennysheep_generic_room_14
D:6:      layout_basic, grunt_temple_overflow_open, uniq_sigmund
D:7:      layout_rooms, minmay_temple_entry_trees, uniq_joseph
D:8:      layout_loops_ring, mainiacjoe_overflow_catwalk, amethyst_killhole,
          uniq_psyche
D:9:      layout_irregular_city, david_lair_shrubbed, erik_orc_4, serial_shops,
          shop, minmay_statue_bubble
Temple:   eino_temple_scatter_basement

Skill      XL: |  1  2  3  4  5  6  7  8  9 |
---------------+----------------------------+-----
Maces & Flails | 3 4 5 6 7 |  7.2
Fighting       | 4 5 6 7 |  7.2
Stealth        | 2 3 5 |  5.2
Shields        | 4 5 6 |  6.6
Dodging        | 4 5 6 |  6.5
Evocations     | 1 3 |  3.2

Action                   |  1- 3 |  4- 6 |  7- 9 || total
-------------------------+-------+-------+-------++-------
Melee: Flail             |    67 |    90 |   181 ||   338
       Constrict         |    18 |    23 |    39 ||    80
       Tentacles         |    10 |    18 |    48 ||    76
Throw: Dart              |       |       |     4 ||     4
       Throwing net      |       |       |     1 ||     1
Evoke: Wand              |       |       |    21 ||    21
  Use: Scroll            |     2 |     5 |    11 ||    18
       Potion            |       |       |     8 ||     8
 Stab: Sleeping          |     7 |    13 |    14 ||    34
       Distracted        |     1 |       |       ||     1
       Invisible         |       |       |     1 ||     1
       Held in net/web   |       |       |     1 ||     1
Armor: Skin              |     4 |     1 |     6 ||    11
Dodge: Dodged            |    28 |    41 |    90 ||   159
Block: Kite shield       |    29 |    34 |   114 ||   177

Table legend: (Time is in decaauts)
 A = Elapsed time spent in this place.
 B = Non-inter-level travel time spent in this place.
 C = Inter-level travel time spent in this place.
 D = Time resting spent in this place.
 E = Time spent auto-exploring this place.
 F = Levels seen in this place.
 G = Mean time per level.
                   A        B        C        D        E       F      G
               +--------+--------+--------+--------+--------+-----+--------+
         Total |  11655 |  11446 |    209 |   4516 |   5662 |  10 | 1165.5 |
       Dungeon |  11201 |  11005 |    196 |   4227 |   5510 |   9 | 1244.6 |
        Temple |    454 |    441 |     13 |    289 |    152 |   1 |  454.0 |
               +--------+--------+--------+--------+--------+-----+--------+

Top non-repeatable levels by time:
     D:7: 1718 daAuts
     D:5: 1646 daAuts
     D:2: 1530 daAuts
     D:8: 1364 daAuts
     D:4: 1289 daAuts
     D:1: 1258 daAuts
     D:6: 1203 daAuts
     D:3: 1188 daAuts
  Temple: 454 daAuts
     D:9: 1 daAuts
